 Dungeon Crawl Stone Soup version 0.29-a0-393-g47a863cc1b (webtiles) character file.

Game seed: 5790604821888778543

765 thiscave3701365 the Cleaver (level 7, -6/91 HPs)
             Began as a Minotaur Berserker on May 9, 2022.
             Was a Believer of Trog.
             Mangled by a two-headed ogre
             ... wielding a +0 giant club
              (26 damage)
             ... on level 7 of the Dungeon.
             The game lasted 00:03:46 (4592 turns).

thiscave3701365 the Cleaver (Minotaur Berserker)    Turns: 4592, Time: 00:03:47

Health: -6/91      AC:  8    Str: 24    XL:     7   Next: 52%
Magic:  6/6        EV:  9    Int:  4    God:    Trog [**....]
Gold:   254        SH:  0    Dex:  9    Spells: 6/6 levels left

rFire   . . .      SeeInvis .   b - +0 war axe
rCold   . . .      Faith    .   (no shield)
rNeg    . . .      Spirit   .   w - +0 chain mail
rPois   .          Reflect  .   (helmet restricted)
rElec   .          Harm     .   (no cloak)
rCorr   .          Rampage  .   (no gloves)
Will    .....                   (no boots)
Stlth   ..........              (no amulet)
HPRegen 0.25/turn               (no ring)
MPRegen 0.10/turn               (no ring)

@: berserking, very quick
A: horns 2, retaliatory headbutt
a: Renounce Religion, Berserk, Trog's Hand


You were on level 7 of the Dungeon.
You worshipped Trog.
Trog was pleased with you.
You visited 1 branch of the dungeon, and saw 5 of its levels.

You collected 254 gold pieces.

Inventory:

Hand Weapons
 a - a +4 dagger of electrocution
 b - a +0 war axe (weapon)
Missiles
 t - 2 throwing nets
Armour
 w - a +0 chain mail (worn)
Wands
 u - a wand of polymorph (2)
Scrolls
 d - 6 scrolls of identify {unknown}
 f - 2 scrolls of teleportation {unknown}
 g - a scroll of poison {unknown}
 h - 2 scrolls of summoning {unknown}
 i - a scroll of enchant weapon {unknown}
 o - a scroll of fear {unknown}
 q - a scroll of torment {unknown}
 r - a scroll of magic mapping {unknown}
Potions
 c - 3 potions of attraction {unknown}
 e - 4 potions of lignification {unknown}
 j - a potion of might {unknown}
 k - 2 potions of flight {unknown}
 l - 2 potions of magic {unknown}
 m - a potion of brilliance {unknown}
 n - a potion of heal wounds {unknown}
 p - a potion of cancellation {unknown}
 v - a potion of curing {unknown}


   Skills:
 - Level 5.1 Fighting
 + Level 8.9 Axes
 - Level 2.5 Armour
 - Level 4.0 Dodging
 - Level 1.6 Stealth


You had 6 spell levels left.
You didn't know any spells.
Your spell library was empty.

Dungeon Overview and Level Annotations

Branches:
Dungeon (7/15)
 Temple: D:4-7

Altars:
Cheibriados


Innate Abilities, Weirdness & Mutations

You have a pair of horns on your head.
You reflexively headbutt those who attack you in melee.


Message History

You now have 254 gold pieces (gained 15).
Found a rapier.
No target in view!
c - 3 glowing black potions (gained 1)
A two-headed ogre comes into view. It is wielding two +0 giant clubs.
The two-headed ogre shouts in stereo!
A two-headed ogre is nearby!
The two-headed ogre hits you with a +0 giant club!!
The two-headed ogre barely misses you.
Unknown command.
A two-headed ogre is nearby!
You hit the two-headed ogre.
The two-headed ogre is lightly wounded.
The two-headed ogre closely misses you.
The two-headed ogre hits you with a +0 giant club!
Unknown command.
A two-headed ogre is nearby!
You slash the two-headed ogre!
You headbutt the two-headed ogre, but do no damage.
The two-headed ogre is moderately wounded.
A red film seems to cover your vision as you go berserk!
You feel yourself moving faster!
You feel mighty!
The two-headed ogre hits you with a +0 giant club! x2
* * * LOW HITPOINT WARNING * * *
You are too injured to fight recklessly!
Unknown command.
You are too injured to fight recklessly!
Unknown command.
You are too injured to fight recklessly!
You are too injured to fight recklessly!
Unknown command.
You hit the two-headed ogre.
The two-headed ogre is moderately wounded.
You slash the two-headed ogre!
Your headbutt misses the two-headed ogre.
The two-headed ogre is heavily wounded.
The two-headed ogre hits you with a +0 giant club!
* * * LOW HITPOINT WARNING * * *
The two-headed ogre hits you with a +0 giant club!!
You die...

#
#........#####.######.#
## ####.###.......# #.#
.# #.# ######### #.# .#
#.# #.# .# #.# #.# .#
#.# ###### #.#
.########.#### .....#
#.#
......#......####O....#
#.#
................@.)...#
#.#
......#.#....####.$...#
#.######
.######.#....## .....#
##....... #.##
#.......# #..###
#..#####. ##.#
#.#.....#
#.#####.######. #.##
#.......#
#.......#...##. .##
#.#.....#
###.###.###.##. ##
#.#.#.#.# #.# #.###.##.
#######.......#
#.###.#).....


You could see a two-headed ogre.

Vanquished Creatures
  A black bear (D:6)
  2 ogres (D:6)
  A centaur (D:6)
  A kobold brigand (D:7)
  A necrophage (D:7)
  A scorpion (D:6)
  A jelly (D:7)
  Jessica (D:2)
  2 iguanas
  5 adders
  An ufetubus (D:6)
  4 worms (D:2)
  2 dart slugs
  4 orcs (D:6)
  An endoplasm (D:1)
  A giant cockroach (D:2)
  4 goblins
  4 hobgoblins
  4 jackals (D:1)
  12 kobolds
  A quokka (D:1)
  4 ball pythons
  3 bats
  8 frilled lizards
  A rat (D:1)
70 creatures vanquished.

Notes
Turn   | Place    | Note
-------+----------+-------------------------------------------
     0 | D:1      | thiscave3701365 the Minotaur Berserker began the quest for
                  | the Orb.
     0 | D:1      | Reached XP level 1. HP: 19/19 MP: 0/0
    10 | D:1      | Found a faded altar of an unknown god.
   139 | D:1      | Reached skill level 4 in Axes
   239 | D:1      | Reached XP level 2. HP: 27/27 MP: 1/1
   858 | D:1      | Reached skill level 5 in Axes
  1085 | D:2      | Noticed Jessica
  1090 | D:2      | Killed Jessica
  1090 | D:2      | Reached ** piety under Trog
  1091 | D:2      | Reached XP level 3. HP: 20/33 MP: 2/2
  1606 | D:2      | Reached XP level 4. HP: 40/40 MP: 3/3
  2387 | D:3      | You fall into a shaft and drop 3 floors!
  2387 | D:6      | Noticed an ogre
  2391 | D:6      | Reached skill level 1 in Stealth
  2399 | D:6      | Killed an ogre
  2400 | D:6      | Reached skill level 6 in Axes
  2400 | D:6      | Reached XP level 5. HP: 32/47 MP: 4/4
  2761 | D:6      | Reached XP level 6. HP: 53/53 MP: 5/5
  2956 | D:6      | Found a snail-covered altar of Cheibriados.
  2997 | D:6      | Reached skill level 7 in Axes
  3372 | D:6      | Reached skill level 5 in Fighting
  3876 | D:6      | Reached XP level 7. HP: 45/61 MP: 6/6
  4150 | D:7      | Reached skill level 8 in Axes
  4586 | D:7      | Noticed a two-headed ogre
  4592 | D:7      | Mangled by a two-headed ogre

Illustrated notes

Levels and vault maps discovered:
D:1:      dpeg_arrival_pits, layout_basic, basic_ecumenical_altar,
          minmay_lizard_pond
D:2:      layout_basic, chequers_mini_garden, uniq_jessica
D:3:      layout_basic, lemuel_round_altar, minmay_pentangle
D:6:      layout_basic, mainiacjoe_overflow_paths
D:7:      layout_loops_cross, fedhas_altar_decomposition,
          minmay_misc_feat_encased

Skill      XL: |  1  2  3  4  5  6  7 |
---------------+----------------------+-----
Axes           | 4 5 6 7 8 |  8.9
Fighting       | 4 5 |  5.1
Stealth        | 1 |  1.6
Dodging        | 3 4 |  4.0
Armour         | |  2.5

Action                   |  1- 3 |  4- 6 |  7- 9 || total
-------------------------+-------+-------+-------++-------
Melee: Hand axe          |    56 |    68 |       ||   124
       Headbutt          |     5 |    10 |     6 ||    21
       War axe           |       |       |    24 ||    24
Invok: Berserk           |     3 |     4 |     2 ||     9
Armor: Animal skin       |     7 |     9 |       ||    16
       Chain mail        |       |       |     5 ||     5
Dodge: Dodged            |    45 |    48 |     9 ||   102

Table legend: (Time is in decaauts)
 A = Elapsed time spent in this place.
 B = Non-inter-level travel time spent in this place.
 C = Inter-level travel time spent in this place.
 D = Time resting spent in this place.
 E = Time spent auto-exploring this place.
 F = Levels seen in this place.
 G = Mean time per level.
                   A        B        C        D        E       F      G
               +--------+--------+--------+--------+--------+-----+--------+
         Total |   4673 |   4553 |    120 |   1438 |   2715 |   5 |  934.6 |
       Dungeon |   4673 |   4553 |    120 |   1438 |   2715 |   5 |  934.6 |
               +--------+--------+--------+--------+--------+-----+--------+

Top non-repeatable levels by time:
     D:6: 1767 daAuts
     D:1: 1566 daAuts
     D:2: 700 daAuts
     D:7: 487 daAuts
     D:3: 152 daAuts
